 Dungeon Crawl Stone Soup version 0.19-a0-1019-g9c6a58d (webtiles) character file.

676 st0uf the Shield-Bearer (level 7, -7/55 HPs)
             Began as a Formicid Fighter on July 26, 2016.
             Was a Believer of Pakellas.
             Mangled by an orc warrior
             ... wielding a +0 halberd
              (17 damage)
             ... on level 4 of the Dungeon.
             The game lasted 00:15:47 (3529 turns).

st0uf the Shield-Bearer (Formicid Fighter)          Turns: 3529, Time: 00:15:47

Health: -7/55      AC:  9    Str: 21    XL:     7   Next: 91%
Magic:  9/9        EV: 10    Int:  7    God:    Pakellas [**....]
Gold:   233        SH: 16    Dex: 12    Spells: 0 memorised, 6 levels left

rFire  . . .     SeeInvis +     a - +0 war axe
rCold  . . .     Gourm    .     q - +0 scale mail
rNeg   . . .     Faith    .     c - +1 shield
rPois  .         Spirit   .     (helmet unavailable)
rElec  .         Dismiss  .     (no cloak)
rCorr  .         Reflect  +     g - +0 pair of gloves
SustAt .         Harm     .     o - +0 pair of boots
MR     .....                    y - +5 amulet of reflection
Stlth  ..........               (no ring)
                                t - +1 ring of slaying

@: not resistant to hostile enchantments, extremely unstealthy
A: permanent stasis, dig shafts and tunnels, four strong arms, antennae 3
a: Dig, Shaft Self, Quick Charge, Renounce Religion


You were on level 4 of the Dungeon.
You worshipped Pakellas.
Pakellas was pleased with you.
You were not hungry.

You visited 1 branch of the dungeon, and saw 4 of its levels.

You collected 233 gold pieces.

Inventory:

Hand Weapons
 a - a +0 war axe (weapon)
Armour
 c - a +1 shield (worn)
 g - a +0 pair of gloves (worn)
 o - a +0 pair of boots (worn)
 q - a +0 scale mail (worn)
Jewellery
 t - a +1 ring of slaying (left hand)
 y - a +5 amulet of reflection (around neck)
Wands
 r - a wand of paralysis (24/24)
 v - a wand of random effects (27/48)
Scrolls
 b - a scroll of remove curse
 j - a scroll of teleportation {unknown}
 k - 5 scrolls of identify
 m - 3 scrolls of blinking
 n - a scroll of amnesia {unknown}
 w - a scroll of recharging
 B - a scroll of random uselessness {unknown}
 D - a scroll of immolation {unknown}
Potions
 d - a potion of might
 i - 2 potions of haste {unknown}
 p - a potion of ambrosia {unknown}
 s - 2 potions of heal wounds {unknown}
 z - 3 potions of flight {unknown}
 A - a potion of lignification {unknown}
 C - a potion of brilliance {unknown}
 E - a potion of curing {unknown}
 G - a potion of cure mutation {unknown}
Books
 x - a book of Cantrips

   Spells                             Type                      Level
   a - Confusing Touch                Hexes                        1
   b - Animate Skeleton               Necromancy                   1
   c - Summon Small Mammal            Summoning                    1
   d - Apportation                    Translocation                1
Miscellaneous
 F - a sack of spiders
Comestibles
 f - 2 bread rations
 h - 3 chunks of flesh
 l - a slice of pizza
 u - a meat ration


   Skills:
 + Level 4.5 Fighting
 + Level 3.5 Axes
 + Level 4.6 Armour
 + Level 2.5 Dodging
 + Level 5.9 Shields
 * Level 3.8 Evocations


You had 6 spell levels left.
You didn't know any spells.

Dungeon Overview and Level Annotations

Branches:
Dungeon (4/15)             Temple (0/1) D:4

Altars:
Gozag
Kikubaaqudgha
Okawaru
Pakellas
Vehumet


Innate Abilities, Weirdness & Mutations

You are under a permanent stasis effect.
You can dig through walls and to a lower floor.
Your four strong arms can wield two-handed weapons with a shield.
You have a pair of large antennae on your head. (SInv)


Message History

You kill the orc wizard!
Pakellas accepts your kill.
Pakellas collects the excess magic power.
You hit the orc warrior. You block the orc warrior's attack.
The orc closely misses you.
An orc comes into view. It is wielding a hand axe.
You hit the orc warrior.
The orc warrior is heavily wounded.
You closely miss the orc. You block the orc warrior's attack.
You block the orc's attack.
Unknown command.
You hit the orc warrior.
The orc warrior is heavily wounded.
Your scale mail prevents you from hitting the orc.
You block the orc warrior's attack. The orc hits you with a hand axe.
* * * LOW HITPOINT WARNING * * *
Unknown command.
The orc warrior hits you from afar with a halberd!
You die...
Pakellas says: Time to start the next experiment...

...#.#.# #..# ##.#.#.#
#..#
.#.#.#.################..#
.#.#.#..................>#
...#.#####################
####.#<........##### .#
#.#########..ooo# .# #.#
#.#.#.# .# #.# #.#@#.# .#
#.# #.#.#.# .###.# #.#.#.#
...[.# #.#<#.# ######
#.###.# #.# .o# #.# ###
#.# #.#


You could see an orc warrior and an orc.

Vanquished Creatures
  The ghost of Protee the Sneak, an amateur NaEn (D:4)
  An ogre (D:4)
  A scorpion (D:4)
  3 hounds (D:4)
  An orc wizard (D:4)
  A centaur skeleton (D:4)
  Robin (D:3)
  3 gnolls (D:4)
  3 adders
  An ooze (D:4)
  An adder skeleton (D:4)
  6 worms
  A dart slug (D:3)
  2 giant geckos
  4 orcs
  4 giant cockroaches
  16 goblins
  12 hobgoblins
  13 jackals
  3 kobolds
  A ball python (D:1)
  12 bats
  6 giant newts
  2 quokka skeletons (D:4)
  8 rats
107 creatures vanquished.

Vanquished Creatures (others)
  An orc (D:4)
1 creature vanquished.

Grand Total: 108 creatures vanquished

Notes
Turn   | Place    | Note
-------+----------+-------------------------------------------
     0 | D:1      | st0uf the Formicid Fighter began the quest for the Orb.
     0 | D:1      | Reached XP level 1. HP: 18/18 MP: 1/1
   192 | D:1      | Reached XP level 2. HP: 22/24 MP: 2/2
   486 | D:1      | Reached skill level 4 in Shields
   527 | D:1      | Reached XP level 3. HP: 27/29 MP: 3/3
  1080 | D:2      | Found an ancient bone altar of Kikubaaqudgha.
  1164 | D:2      | Reached XP level 4. HP: 37/37 MP: 4/4
  1179 | D:2      | Found a radiant altar of Vehumet.
  1272 | D:2      | Reached skill level 1 in Dodging
  1397 | D:2      | Found an oddly glowing altar of Pakellas.
  1410 | D:2      | Became a worshipper of Pakellas the Inventive
  1715 | D:2      | Found an opulent altar of Gozag.
  1768 | D:2      | Reached XP level 5. HP: 31/42 MP: 5/5
  1888 | D:2      | Reached skill level 1 in Evocations
  2143 | D:3      | Noticed Robin
  2146 | D:3      | Reached * piety under Pakellas
  2146 | D:3      | Received a gift from Pakellas
  2161 | D:3      | Killed Robin
  2205 | D:3      | Found an oddly glowing altar of Pakellas.
  2732 | D:4      | Noticed an orc warrior
  2854 | D:4      | Found a staircase to the Ecumenical Temple.
  2890 | D:4      | Noticed an ogre
  2906 | D:4      | Reached XP level 6. HP: 37/48 MP: 7/7
  2909 | D:4      | Killed an ogre
  2909 | D:4      | Reached skill level 5 in Shields
  3017 | D:4      | Reached ** piety under Pakellas
  3017 | D:4      | Received a gift from Pakellas
  3236 | D:4      | Reached XP level 7. HP: 50/54 MP: 9/9
  3291 | D:4      | Found an iron altar of Okawaru.
  3351 | D:4      | Noticed Protee's ghost (amateur NaEn)
  3384 | D:4      | Killed Protee's ghost
  3529 | D:4      | Mangled by an orc warrior

Vault maps used:
D:1:      lemuel_arrival_room
D:2:      wad_river_or_something, old_standard_altar, kiku_gazebo_pond_becter,
          nicolae_gozag_cash_rules_everything_around_me, serial_park_tiny_pond,
          grunt_pakellas_mercury
D:3:      lemuel_doored_altar, first_bread, uniq_robin
D:4:      nicolae_overflow_crystal_walls

Skill      XL: |  1  2  3  4  5  6 |
---------------+-------------------+-----
Shields        | 4 5 |  5.9
Dodging        | 1 2 |  2.5
Evocations     | 2 3 |  3.8
Fighting       | 4 |  4.5
Armour         | 4 |  4.6
Axes           | 3 |  3.5

Action                   |  1- 3 |  4- 6 |  7- 9 || total
-------------------------+-------+-------+-------++-------
Melee: War axe           |   127 |   209 |    54 ||   390
 Abil: Dig               |     4 |     5 |     2 ||    11
  Use: Scroll            |       |     2 |     4 ||     6
  Eat: Chunk             |     1 |     8 |     1 ||    10
Armor: Scale mail        |    66 |    66 |    15 ||   147
Dodge: Dodged            |    56 |    63 |    11 ||   130
Block: Shield            |    89 |   139 |    37 ||   265
       Reflection        |       |     2 |       ||     2
